 Dungeon Crawl Stone Soup version 0.29-a0-231-g945431f764 (webtiles) character file.

Game seed: 13021814767160184036

251 testman the Vexing (level 5, -3/27 HPs)
             Began as a Spriggan Arcane Marksman on Feb 28, 2022.
             Was a Believer of Fedhas.
             Killed from afar by a gnoll (12 damage)
             ... with an iceblast
             ... on level 3 of the Dungeon.
             The game lasted 00:17:00 (3588 turns).

testman the Vexing (Spriggan Arcane Marksman)       Turns: 3588, Time: 00:17:01

Health: -3/27      AC:  3    Str: 12    XL:     5   Next: 88%
Magic:  7/8        EV: 17    Int: 15    God:    Fedhas [**....]
Gold:   38         SH:  0    Dex: 17    Spells: 2/6 levels left

rFire   . . .      SeeInvis +   a - +0 hunting sling
rCold   . . .      Faith    .   (no shield)
rNeg    . . .      Spirit   .   b - +0 robe
rPois   .          Reflect  .   (helmet restricted)
rElec   .          Harm     .   j - +0 cloak
rCorr   .          Rampage  .   (gloves unavailable)
Will    .....                   (boots unavailable)
Stlth   ++........              (no amulet)
HPRegen 0.09/turn               k - +6 ring of strength
MPRegen 0.11/turn               (no ring)

@: very quick
A: very small, no large weapons, unfitting armour, see invisible, speed 3
a: Renounce Religion, Wall of Briars


You were on level 3 of the Dungeon.
You worshipped Fedhas.
Fedhas was pleased with you.
You visited 1 branch of the dungeon, and saw 3 of its levels.

You collected 159 gold pieces.
You spent 121 gold pieces at shops.

Inventory:

Hand Weapons
 a - a +0 hunting sling (weapon)
Armour
 b - a +0 robe (worn)
 j - a +0 cloak (worn)
Jewellery
 k - a +6 ring of strength (left hand)
Scrolls
 d - 4 scrolls of teleportation {unknown}
 f - 6 scrolls of identify {unknown}
 g - a scroll of enchant armour {unknown}
 h - a scroll of immolation {unknown}
 l - a scroll of magic mapping {unknown}
Potions
 c - a potion of flight {unknown}
 e - a potion of lignification {unknown}
 i - a potion of ambrosia {unknown}


   Skills:
 + Level 2.5 Fighting
 + Level 4.4 Slings
 - Level 2.6 Dodging
 - Level 1.3 Spellcasting
 + Level 5.2 Hexes
 - Level 2.0 Translocations
 + Level 1.3 Invocations


You had 2 spell levels left.
You knew the following spells:

 Your Spells              Type           Power      Damage    Failure   Level
a - Slow                  Hex            64%        N/A       2%          1
b - Portal Projectile     Hex/Tloc       22%        N/A       16%         3

Your spell library contained the following spells:

 Spells                   Type           Power      Damage    Failure   Level
 Sting                    Tmut/Pois      4%         1d3       24%         1
 Poisonous Vapours        Pois/Air       2%         N/A       34%         2
 Inner Flame              Hex/Fire       8%         N/A       24%         3
 Cause Fear               Hex            8%         N/A       26%         4
 Olgreb's Toxic Radiance  Pois           1%         N/A       93%         4
 Alistair's Intoxication  Tmut/Pois      0%         N/A       100%        5
 Borgnjor's Vile Clutch   Necr/Erth      0%         N/A       100%        5
 Eringya's Noxious Bog    Tmut/Pois      0%         N/A       100%        6


Dungeon Overview and Level Annotations

Branches:
Dungeon (3/15)

Altars:
Fedhas

Shops:
D:2 [


Innate Abilities, Weirdness & Mutations

You are very small and have problems with some larger weapons.
You are too small for most types of armour.
You have supernaturally acute eyesight. (SInv)
You cover ground extremely quickly. (Speed+++)


Message History

You shoot a sling bullet. The sling bullet hits the gnoll.
You kill the gnoll!
Fedhas appreciates your contribution to the ecosystem.
Casting: Slow (safe; 2% risk of failure)
Confirm with . or Enter, or press ? or * to list all spells.
Aiming: Slow (safe; 2% risk of failure)
Press: ? - help, Shift-Dir - straight line, f - gnoll
Aim: a gnoll, wielding a +0 flail and carrying a wand of iceblast (11) (chance to affect: 64%)
The gnoll seems to slow down.
Fire: a) +0 hunting sling
Press: ? - help, Q - select action, (/) - cycle Shift-Dir - straight line, f/p - gnoll
Aim: a gnoll, wielding a +0 flail and carrying a wand of iceblast (11) (slow, 64% to hit)
You shoot a sling bullet.
The sling bullet completely misses the gnoll.
Fire: a) +0 hunting sling
Press: ? - help, Q - select action, (/) - cycle Shift-Dir - straight line, f/p - gnoll
Aim: a gnoll, wielding a +0 flail and carrying a wand of iceblast (11) (slow, 64% to hit)
You shoot a sling bullet. The sling bullet hits the gnoll.
The gnoll is moderately wounded.
The gnoll zaps a wand.
The mass of ice explodes!
The iceblast engulfs you!
You hear a shout!
Fire: a) +0 hunting sling
Press: ? - help, Q - select action, (/) - cycle Shift-Dir - straight line, f/p - gnoll
Aim: a gnoll, wielding a +0 flail and carrying a wand of iceblast (10) (lightly wounded, slow, 64% to hit)
You shoot a sling bullet.
The sling bullet barely misses the gnoll.
Fire: a) +0 hunting sling
Press: ? - help, Q - select action, (/) - cycle Shift-Dir - straight line, f/p - gnoll
Aim: a gnoll, wielding a +0 flail and carrying a wand of iceblast (10) (lightly wounded, slow, 64% to hit)
You shoot a sling bullet. The sling bullet hits the gnoll!
The gnoll is almost dead.
Fire: a) +0 hunting sling
Press: ? - help, Q - select action, (/) - cycle Shift-Dir - straight line, f/p - gnoll
Aim: a gnoll, wielding a +0 flail and carrying a wand of iceblast (10) (almost dead, slow, 64% to hit)
You shoot a sling bullet.
The sling bullet hits the gnoll but does no damage.
The gnoll is almost dead.
The gnoll zaps a wand.
The mass of ice explodes!
The iceblast engulfs you!
You die...
Fedhas appreciates your contribution to the ecosystem.

####.........##..
#.##.......)..g..
#..###........#..
#######.........g......
#............#..#####g#
###.#####...g......g...g#
#...# #..#........#####
#########.##........# ...
#..@.##........##.#
#g##.##........#^.#
##.##.##..........#
##..##.##.........##
###..###.####.#####.#
####..<####.# #.# #.#
#........##.# #.# #.#
#.....)..##.# #g# #.#
#>.......##.# #g# #.#


You could see 2 gnolls.

Vanquished Creatures
  An ogre (D:2)
  A hound (D:3)
  An iguana (D:3)
  Natasha (D:2)
  2 gnolls (D:3)
  An adder (D:1)
  A worm (D:2)
  3 dart slugs
  2 orcs (D:3)
  8 ball pythons
  A bat (D:2)
  5 endoplasms
  4 giant cockroaches
  A goblin (D:2)
  4 hobgoblins
  6 jackals
  7 kobolds
  2 quokkas
51 creatures vanquished.

Notes
Turn   | Place    | Note
-------+----------+-------------------------------------------
     0 | D:1      | testman the Spriggan Arcane Marksman began the quest for
                  | the Orb.
     0 | D:1      | Reached XP level 1. HP: 9/9 MP: 3/3
   164 | D:1      | Reached skill level 1 in Fighting
   205 | D:1      | Reached XP level 2. HP: 3/14 MP: 5/5
   626 | D:1      | Reached skill level 4 in Hexes
  1615 | D:1      | Reached XP level 3. HP: 2/18 MP: 4/6
  1633 | D:1      | Learned a level 3 spell: Portal Projectile
  2035 | D:2      | Found a faded altar of an unknown god.
  2043 | D:2      | Noticed an ogre
  2045 | D:2      | Prayed at the altar of an unknown god.
  2045 | D:2      | Became a worshipper of Fedhas Madash
  2045 | D:2      | Reached * piety under Fedhas
  2078 | D:2      | Killed an ogre
  2079 | D:2      | Reached XP level 4. HP: 5/23 MP: 7/7
  2580 | D:2      | Reached XP level 5. HP: 26/26 MP: 8/8
  2790 | D:2      | Found Peyneaf's Antique Armour Boutique.
  2799 | D:2      | Bought a cloak for 121 gold pieces
  2845 | D:3      | Noticed Natasha
  2929 | D:2      | Killed Natasha
  2930 | D:2      | Reached skill level 5 in Hexes
  3434 | D:3      | Reached ** piety under Fedhas
  3538 | D:3      | Reached skill level 1 in Invocations
  3588 | D:3      | Killed from afar by a gnoll

Illustrated notes

Levels and vault maps discovered:
D:1:      dpeg_arrival_chambers_temple_mockup, layout_basic
D:2:      layout_basic, serial_shops, nicolae_lakefront_shop,
          basic_ecumenical_altar
D:3:      layout_rooms, pdpol_temple_overflow_zin_treasury_gozag_greed,
          uniq_natasha

Skill      XL: |  1  2  3  4  5 |
---------------+----------------+-----
Fighting       | 1 2 |  2.5
Hexes          | 4 5 |  5.2
Slings         | 3 4 |  4.4
Translocations | 2 |  2.0
Invocations    | 1 |  1.3
Dodging        | |  2.6
Spellcasting   | |  1.3

Action                   |  1- 3 |  4- 6 || total
-------------------------+-------+-------++-------
 Fire: Hunting sling     |   127 |   150 ||   277
 Cast: Slow              |     6 |    11 ||    17
Armor: Robe              |     6 |     9 ||    15
Dodge: Dodged            |    51 |    45 ||    96

Table legend: (Time is in decaauts)
 A = Elapsed time spent in this place.
 B = Non-inter-level travel time spent in this place.
 C = Inter-level travel time spent in this place.
 D = Time resting spent in this place.
 E = Time spent auto-exploring this place.
 F = Levels seen in this place.
 G = Mean time per level.
                   A        B        C        D        E       F      G
               +--------+--------+--------+--------+--------+-----+--------+
         Total |   3091 |   3032 |     59 |   1651 |    726 |   3 | 1030.3 |
       Dungeon |   3091 |   3032 |     59 |   1651 |    726 |   3 | 1030.3 |
               +--------+--------+--------+--------+--------+-----+--------+

Top non-repeatable levels by time:
     D:1: 1512 daAuts
     D:2: 1042 daAuts
     D:3: 537 daAuts
